 Dungeon Crawl Stone Soup version 0.27.1-1-g398f81649c (webtiles) character file.

Game seed: 17781453563397243072

158 pkoi the Slasher (level 5, -1/42 HPs)
             Began as a Minotaur Gladiator on Sept 22, 2021.
             Slain by an orc warrior (7 damage)
             ... on level 3 of the Dungeon.
             The game lasted 00:02:59 (2884 turns).

pkoi the Slasher (Minotaur Gladiator)               Turns: 2884, Time: 00:02:59

Health: -1/42      AC:  3    Str: 19    XL:     5   Next: 16%
Magic:  4/4        EV: 12    Int:  5    God:
Gold:   91         SH:  0    Dex: 12    Spells: 4/4 levels left

rFire    . . .     SeeInvis .   a - +1 long sword
rCold    . . .     Faith    .   (no shield)
rNeg     . . .     Spirit   .   b - +0 leather armour
rPois    .         Reflect  .   c - +0 hat
rElec    .         Harm     .   (no cloak)
rCorr    .         Rampage  .   (no gloves)
Will     +....     Rnd*Rage +   (no boots)
Stlth    +.........             (no amulet)
HPRegen  0.14/turn              e - ring of willpower
MPRegen  0.09/turn              (no ring)

@: no status effects
A: horns 2, retaliatory headbutt, berserk 1
a: no special abilities


You were on level 3 of the Dungeon.
You visited 1 branch of the dungeon, and saw 4 of its levels.

You collected 91 gold pieces.

Inventory:

Hand Weapons
 a - a +1 long sword (weapon)
Missiles
 d - 3 throwing nets (quivered)
Armour
 b - a +0 leather armour (worn)
 c - a +0 hat (worn)
Jewellery
 e - a ring of willpower (left hand)
 k - an amulet of regeneration
Potions
 f - a potion of haste {unknown}
 g - a potion of resistance {unknown}
 h - a potion of mutation
 i - 2 potions of brilliance
 l - 2 potions of heal wounds
 o - a potion of flight


   Skills:
 - Level 2.4 Fighting
 + Level 7.1 Long Blades
 - Level 2.0 Throwing
 - Level 3.2 Dodging


You had 4 spell levels left.
You didn't know any spells.
Your spell library contained the following spells:

 Spells                   Type           Power      Damage    Failure   Level
 Animate Skeleton         Necr           0%         N/A       54%         1
 Apportation              Tloc           0%         N/A       54%         1
 Corona                   Hex            0%         N/A       54%         1
 Summon Small Mammal      Summ           0%         N/A       54%         1
 Corpse Rot               Necr/Air       N/A        N/A       67%         2
 Poisonous Vapours        Pois/Air       0%         N/A       67%         2
 Hailstorm                Conj/Ice       0%         3d3       99%         4
 Ice Form                 Ice/Tmut       0%         N/A       99%         4
 Freezing Cloud           Conj/Ice/Air   0%         6-21      100%        5
 Simulacrum               Ice/Necr       0%         N/A       100%        6


Dungeon Overview and Level Annotations

Branches:
Dungeon (4/15)
 Temple: D:4-7

Altars:

Shops:
D:2 =

Annotations:
D:3 1 runed translucent door, pkoi's ghost, weakling MiGl


Innate Abilities, Weirdness & Mutations

You have a pair of horns on your head.
You reflexively headbutt those who attack you in melee.
You tend to lose your temper in combat.


Message History

An orc and a necrophage come into view.
The orc shouts!
An orc comes into view. It is wielding a +0 short sword.
You hit the orc. You headbutt the orc.
You kill the orc!
You closely miss the orc warrior.
The orc warrior hits you with a +0 long sword!
You closely miss the orc warrior.
You headbutt the orc warrior, but do no damage.
The orc warrior hits you with a +0 long sword!
* * * LOW HITPOINT WARNING * * *
You are too injured to fight recklessly!
You are too injured to fight recklessly!
You are too injured to fight recklessly!
You are too injured to fight recklessly!
You are too injured to fight recklessly!
You are too injured to fight recklessly!
You are too injured to fight recklessly!
Unknown command.
There is a stone staircase leading up here.
The orc warrior hits you with a +0 long sword.
* * * LOW HITPOINT WARNING * * *
The orc closely misses you.
You climb upwards.
Level annotation: 1 runed translucent door, pkoi's ghost, weakling MiGl
There is a stone staircase leading down here.
You closely miss the orc. You headbutt the orc!
You kill the orc!
The orc warrior hits you with a +0 long sword.
* * * LOW HITPOINT WARNING * * *
Things that are here:
a +0 hand axe; an orc corpse Unknown command.
It was a potion of magic.
Magic courses through your body.
The orc warrior hits you with a +0 long sword.
* * * LOW HITPOINT WARNING * * *
It was a potion of mutation.
You feel extremely strange.
You feel a little pissed off.
The orc warrior hits you with a +0 long sword!
You die...

####### #.# #.# ####.....#
#.# #.# #........#### #.#
#.# #.....†.....# #.# #.#
###...#.......# #.# #.#
..#...#.......######.# #.#
..#...#..............# #.#
........##'#############.#
........+.....>o@........#
........##.###############
........##'###
.............#
....##.......#
.....#.......#
.#...#.......#
##...#.......#
###.........##


You could see an orc warrior.

Vanquished Creatures
  Natasha (twice) (D:3)
  A gnoll (D:3)
  3 adders
  2 dart slugs (D:2)
  2 orcs
  7 ball pythons
  4 endoplasms
  A giant cockroach (D:1)
  4 goblins
  8 hobgoblins
  4 jackals (D:2)
  2 quokkas
  9 bats
  7 frilled lizards
  2 kobolds
  8 rats
66 creatures vanquished.

Notes
Turn   | Place    | Note
-------+----------+-------------------------------------------
     0 | D:1      | pkoi the Minotaur Gladiator began the quest for the Orb.
     0 | D:1      | Reached XP level 1. HP: 18/18 MP: 0/0
    45 | D:1      | Reached skill level 4 in Long Blades
   213 | D:1      | Reached XP level 2. HP: 25/25 MP: 1/1
   822 | D:2      | Reached skill level 5 in Long Blades
   826 | D:2      | Reached XP level 3. HP: 25/30 MP: 2/2
  1064 | D:2      | Found Nuanurau's Jewellery Shoppe.
  1653 | D:2      | Found a faded altar of an unknown god.
  2025 | D:3      | Reached skill level 6 in Long Blades
  2025 | D:3      | Reached XP level 4. HP: 37/37 MP: 3/3
  2080 | D:3      | Noticed pkoi's ghost (weakling MiGl)
  2081 | D:3      | Found a runed translucent door.
  2573 | D:3      | Noticed Natasha
  2577 | D:3      | Killed Natasha
  2647 | D:3      | Noticed Natasha
  2656 | D:3      | Killed Natasha
  2657 | D:3      | Reached skill level 7 in Long Blades
  2657 | D:3      | Reached XP level 5. HP: 18/42 MP: 4/4
  2867 | D:4      | Noticed an orc warrior
  2868 | D:4      | Noticed a necrophage
  2884 | D:3      | Gained mutation: You tend to lose your temper in combat.
                  | [potion of mutation]
  2884 | D:3      | Slain by an orc warrior

Illustrated notes

Levels and vault maps discovered:
D:1:      lemuel_arrival_lava_pool, layout_loops_cross
D:2:      layout_basic, serial_shops, nicolae_shop_competitors_out_of_business,
          hellmonk_ecumenical_altar_leap_of_faith, minmay_tetromino_i2
D:3:      layout_basic, hellmonk_ghost_happy_afterlife, uniq_natasha
D:4:      layout_gridville, pdpol_temple_overflow_zin_treasury_gozag_greed,
          minmay_manual_mail, uniq_duvessa

Skill      XL: |  1  2  3  4 |
---------------+-------------+-----
Long Blades    | 4 5 6 7 |  7.1
Fighting       | |  2.4
Throwing       | |  2.0
Dodging        | |  3.2

Action                   |  1- 3 |  4- 6 || total
-------------------------+-------+-------++-------
Melee: Long sword        |    76 |    26 ||   102
       Headbutt          |    18 |     9 ||    27
  Use: Scroll            |     8 |       ||     8
       Potion            |       |     2 ||     2
Armor: Leather armour    |    20 |     8 ||    28
Dodge: Dodged            |    54 |    20 ||    74
       Rpst.: Long sword |    14 |     4 ||    18
